 Dungeon Crawl Stone Soup version 0.31-a0-325-g067879e3d3 (webtiles) character file.

Game seed: 1143053817456836418

114 HallandMoats the Trooper (level 4, -5/38 HPs)
             Began as a Demonspawn Fighter on July 18, 2023.
             Killed by divine providence
             ... invoked by an orc priest
              (10 damage)
             ... on level 3 of the Dungeon.
             The game lasted 00:02:48 (1778 turns).

HallandMoats the Trooper (Demonspawn Fighter)       Turns: 1778, Time: 00:02:48

Health: -5/38      AC:  8    Str: 19    XL:     4   Next: 66%
Magic:  4/4        EV:  9    Int:  9    God:
Gold:   129        SH:  4    Dex: 12    Spells: 3/3 levels left

rFire   . . .        a - +0 war axe
rCold   . . .        c - +0 buckler
rNeg    . . .        b - +0 scale mail
rPois   .            (no helmet)
rElec   .            (no cloak)
rCorr   .            (no gloves)
SInv    .            (no boots)
Will    .....        (no amulet) Stlth
                     l - ring of flight
HPRegen 0.26/turn    (no ring)
MPRegen 0.09/turn

%: no passive effects
@: on berserk cooldown, flying, slowed, very slow
A: molten scales 1, demonic magic 1, weakness stinger 1
a: no special abilities


You were on level 3 of the Dungeon.
You visited 1 branch of the dungeon, and saw 3 of its levels.

You collected 129 gold pieces.

Inventory:

Hand Weapons
 a - a +0 war axe (weapon)
Armour
 b - a +0 scale mail (worn)
 c - a +0 buckler (worn)
Jewellery
 l - a ring of flight (left hand)
Wands
 o - a wand of light (8)
Scrolls
 g - 2 scrolls of teleportation {unknown}
 h - a scroll of blinking {unknown}
 i - 2 scrolls of identify
 j - a scroll of enchant weapon {unknown}
 n - a scroll of revelation {unknown}
Potions
 d - 2 potions of might
 e - a potion of haste {unknown}
 f - a potion of attraction {unknown}
 k - a potion of heal wounds {unknown}


   Skills:
 * Level 4.8 Fighting
 + Level 2.9 Axes
 - Level 2.6 Armour
 - Level 2.6 Shields


You had 3 spell levels left.
You didn't know any spells.
Your spell library contained the following spells:

 Spells                   Type           Power      Damage    Failure   Level
 Animate Dead             Necr           0%         N/A       100%        4
 Borgnjor's Vile Clutch   Necr/Erth      0%         N/A       100%        5
 Death Channel            Necr           0%         N/A       100%        6


Dungeon Overview and Level Annotations

Branches:
Dungeon (3/15)

Altars:
Yredelemnul

Annotations:
D:3 4 runed translucent doors, Crazy Yiuf; osoart's ghost, amateur MfSh


Innate Abilities, Weirdness & Mutations

You are partially covered in molten scales. (AC +2)
Spells you cast may paralyse adjacent enemies.
You have a small tail.


Message History

A red film seems to cover your vision as you go berserk!
You feel yourself moving faster!
You feel mighty! The orc hits you but does no damage.
You closely miss the orc. You hit the orc wizard.
The orc hits you but does no damage.
The orc wizard gestures at you while chanting.
You are confused.
You hit the orc.
The orc is almost dead.
You closely miss the orc wizard.
You're too confused to move!
The orc wizard hits you with a +0 dagger.
* * * LOW HITPOINT WARNING * * *
You miss the orc wizard. You tail-slap the orc wizard.
The orc wizard is heavily wounded.
You completely miss the orc. The orc hits you with a +0 hand axe.
* * * LOW HITPOINT WARNING * * *
The orc wizard hits you but does no damage.
You bump into the rock wall.
The orc hits you with a +0 hand axe.
* * * LOW HITPOINT WARNING * * *
The orc wizard closely misses you.
You're too confused to move!
You feel a strong urge to attack something.
You slash the orc!
You kill the orc!
You slash the orc wizard!
The orc wizard points at you and mumbles some strange words.
The puff of flame hits you but does no damage.
You bump into the rock wall.
You feel a strong urge to attack something.
You feel less confused.
You are no longer berserk.
You are exhausted.
You feel yourself slow down.
The orc wizard casts a spell.
The orc wizard flickers and vanishes!
You barely miss the orc priest. You miss something.
The orc priest looks satisfied for a moment.
The orc priest mumbles some strange prayers to Beogh against you.
Beogh smites you!
You die...

.#############... .#
.# ###### .##
#######...... ..#
####.......## #.###
##....###....#
....####...### #....#
#.#....)....## #....#
#..###.#.#...###@...#
##.##....###..).o...#
#.#....## ##o{#....#
#.###### ##.#....#
#.# ##### #.#....#
##.# ##.).## #.###.##
##.# #.._..# #.## ..
†..####...####..# #.#
...##.......###.# .#


You could see 2 orc priests.

Vanquished Creatures
  A scorpion zombie (D:3)
  4 adders (D:2)
  A dart slug (D:1)
  2 orcs (D:3)
  5 endoplasms
  3 giant cockroaches
  3 goblins
  8 hobgoblins
  A quokka (D:1)
  2 ball pythons (D:1)
  A ball python zombie (D:3)
  4 bats
  4 frilled lizards
  4 kobolds
  6 rats
49 creatures vanquished.

Notes
Turn   | Place    | Note
-------+----------+-------------------------------------------
     0 | D:1      | HallandMoats the Demonspawn Fighter began the quest for the
                  | Orb.
     0 | D:1      | Reached XP level 1. HP: 18/18 MP: 1/1
   205 | D:1      | Gained mutation: You have a small tail. [demonic ancestry]
   205 | D:1      | Reached XP level 2. HP: 20/24 MP: 2/2
   924 | D:2      | Gained mutation: You are partially covered in molten
                  | scales. (AC +2) [demonic ancestry]
   924 | D:2      | Reached XP level 3. HP: 25/30 MP: 3/3
   994 | D:2      | Reached skill level 4 in Fighting
  1259 | D:2      | Gained mutation: Spells you cast may paralyse adjacent
                  | enemies. [demonic ancestry]
  1259 | D:2      | Reached XP level 4. HP: 33/38 MP: 4/4
  1472 | D:3      | Found a runed translucent door.
  1473 | D:3      | Noticed Crazy Yiuf
  1664 | D:3      | Found a runed translucent gate.
  1664 | D:3      | Found a runed translucent gate.
  1664 | D:3      | Found a runed translucent gate.
  1664 | D:3      | Noticed osoart's ghost (amateur MfSh)
  1666 | D:3      | Found a basalt altar of Yredelemnul.
  1778 | D:3      | Killed from afar by an orc priest

Illustrated notes

Levels and vault maps discovered:
D:1:      psy_arrival_dodecagon, layout_loops_corners
D:2:      layout_rooms
D:3:      layout_rooms, nicolae_yredelemnul_ghost_church, uniq_grinder,
          uniq_terence, uniq_jessica, uniq_crazy_yiuf_cottage

Skill      XL: |  1  2  3 |
---------------+----------+-----
Axes           | 2 |  2.9
Fighting       | 4 |  4.8
Armour         | |  2.6
Shields        | |  2.6

Action                     |  1- 3 |  4- 6 || total
---------------------------+-------+-------++-------
  Melee: War axe           |    93 |    34 ||   127
         Tailslap          |     5 |     6 ||    11
    Use: Scroll            |       |     1 ||     1
         Potion            |       |     1 ||     1
 Armour: Scale mail        |    45 |    21 ||    66
  Dodge: Dodged            |    50 |    28 ||    78
  Block: Buckler           |    21 |     5 ||    26

Table legend: (Time is in decaauts)
 A = Elapsed time spent in this place.
 B = Non-inter-level travel time spent in this place.
 C = Inter-level travel time spent in this place.
 D = Time resting spent in this place.
 E = Time spent auto-exploring this place.
 F = Levels seen in this place.
 G = Mean time per level.
                   A        B        C        D        E       F      G
               +--------+--------+--------+--------+--------+-----+--------+
         Total |   1827 |   1827 |      0 |    149 |   1139 |   3 |  609.0 |
       Dungeon |   1827 |   1827 |      0 |    149 |   1139 |   3 |  609.0 |
               +--------+--------+--------+--------+--------+-----+--------+

Top non-repeatable levels by time:
     D:1: 904 daAuts
     D:2: 565 daAuts
     D:3: 356 daAuts
